Map: Berlingrad LE

Players

Wyndpulse

  • Race: Protoss Protoss
  • League: Master
  • Spawn Location: 11:00

Warthog - Winner!

  • Race: Terran Terran
  • League: Master
  • Spawn Location: 5:00

VOD

Have the link to the VOD?

Description

Time

  • Played on: Dec. 15, 2021, 5:18 p.m.
  • Length: 10:24
Show
View Real Time Build Order
Export as new Build Order

Wyndpulse Protoss 

Build Orders: 1 Gate Expand, Zealot Archon, Dark Templar Rush 

Get SALT Encoding   

  12  0:00  Probe  
  13  0:12  Probe  
  14  0:19  Pylon  
  14  0:24  Probe  
  15  0:37  Probe (Chrono Boost)  
  15  0:38  Gateway  
  16  0:47  Assimilator  
  16  0:48  Probe (Chrono Boost)  
  17  0:53  Probe (Chrono Boost)  
  18  1:05  Probe  
  19  1:17  Probe  
  20  1:23  Nexus  
  20  1:36  Cybernetics Core  
  20  1:38  Probe  
  21  1:46  Assimilator  
  21  1:52  Probe  
  22  1:56  Pylon  
  22  2:04  Probe  
  23  2:12  Adept (Chrono Boost)  
  25  2:16  Warp Gate, Probe  
  26  2:23  Twilight Council  
  26  2:28  Probe  
  27  2:35  Adept  
  29  2:48  Probe (Chrono Boost)  
  31  2:52  Probe (Chrono Boost)  
  31  3:01  Dark Shrine  
  31  3:02  Probe (Chrono Boost)  
  31  3:04  Probe  
  31  3:05  Adept  
  35  3:13  Probe  
  35  3:17  Gateway  
  35  3:19  Probe  
  37  3:25  Probe  
  38  3:29  Robotics Facility  
  38  3:31  Probe  
  39  3:37  Probe  
  40  3:43  Probe  
  40  3:45  Pylon  
  40  3:47  Adept  
  43  3:49  Probe  
  44  3:56  Probe  
  44  3:58  Gateway  
  44  4:01  Probe  
  45  4:12  Gateway  
  45  4:14  Stalker  
  47  4:17  Probe  
  47  4:19  Assimilator  
  47  4:22  Assimilator  
  48  4:24  Warp Prism  
  48  4:26  Dark Templar  
  52  4:31  Pylon  
  52  4:33  Probe x2  
  54  4:44  Dark Templar  
  54  4:46  Pylon  
  54  4:49  Probe  
  41  5:03  Probe x2  
  32  5:11  Dark Templar  
  31  5:15  Probe (Chrono Boost)  
  31  5:21  Blink  
  33  5:24  Probe (Chrono Boost)  
  33  5:26  Probe (Chrono Boost)  
  34  5:41  Probe x2 (Chrono Boost)  
  34  6:02  Probe (Chrono Boost)  
  36  6:04  Probe (Chrono Boost)  
  36  6:13  Nexus  
  36  6:15  Dark Templar  
  36  6:18  Probe x2 (Chrono Boost)  
  40  6:25  Probe  
  40  6:27  Archon  
  40  6:30  Probe  
  40  6:31  Dark Templar  
  44  6:35  Archon  
  44  6:42  Probe x2 (Chrono Boost)  
  44  6:46  Observer  
  47  6:53  Probe (Chrono Boost)  
  49  6:55  Probe (Chrono Boost)  
  49  6:58  Probe (Chrono Boost)  
  50  7:04  Probe  
  50  7:07  Probe  
  42  7:16  Probe  
  42  7:20  Probe  
  42  7:21  Pylon  
  44  7:22  Charge  
  44  7:24  Stalker  
  44  7:25  Stalker  
  44  7:28  Probe  
  44  7:29  Probe  
  50  7:32  Forge  
  50  7:38  Probe, Pylon  
  50  7:40  Probe  
  50  7:43  Shield Battery  
  52  7:48  Dark Templar  
  40  8:03  Probe x2  
  40  8:05  Probe  
  33  8:11  Stalker x2  
  36  8:15  Probe  
  36  8:18  Probe  
  38  8:25  Probe  
  40  8:27  Probe  
  40  8:40  Probe x3 (Chrono Boost)  
  42  8:51  Probe x2 (Chrono Boost)  
  42  8:52  Probe (Chrono Boost)  
  45  8:56  Probe (Chrono Boost)  
  45  8:58  Probe (Chrono Boost), Stalker  
  45  8:59  Probe (Chrono Boost)  
  50  9:07  Probe (Chrono Boost)  
  53  9:10  Probe (Chrono Boost)  
  53  9:11  Probe (Chrono Boost)  
  53  9:17  Probe (Chrono Boost)  
  54  9:20  Probe (Chrono Boost)  
  54  9:21  Probe x2 (Chrono Boost)  
  57  9:31  Probe x2  
  56  9:32  Zealot x3  
  61  9:39  Probe  
  61  9:43  Probe  
  63  9:48  Probe  
  63  9:52  Probe  
  69  9:55  Stalker  
  69  9:56  Stalker  
  69  9:57  Sentry  
  75  10:03  Probe x2  
  75  10:05  Probe  
  78  10:09  Gateway  
  78  10:12  Robotics Bay  
  78  10:13  Gateway  
Show
View Real Time Build Order
Export as new Build Order

Warthog Terran - Winner!

Build Orders:  

Get SALT Encoding   

  12  0:00  SCV  
  13  0:13  SCV  
  14  0:17  Supply Depot  
  14  0:25  SCV  
  15  0:39  SCV  
  15  0:41  Barracks  
  16  0:44  Refinery  
  16  0:51  SCV  
  17  1:03  SCV  
  18  1:15  SCV  
  19  1:30  Orbital Command  
  20  1:34  Reaper  
  20  1:44  Command Center  
  20  1:52  Supply Depot  
  20  1:57  SCV  
  21  2:06  Marine  
  22  2:10  SCV  
  22  2:13  Factory  
  23  2:20  Refinery  
  23  2:22  SCV  
  24  2:24  Barracks Reactor  
  24  2:34  SCV  
  25  2:46  SCV  
  26  2:56  Orbital Command  
  26  2:59  Hellion  
  26  3:02  Marine x2, Starport  
  26  3:05  SCV  
  31  3:20  Hellion, Marine x2  
  31  3:25  SCV x2  
  37  3:31  Supply Depot  
  37  3:37  SCV  
  37  3:38  Medivac  
  37  3:41  SCV, Hellion  
  41  3:42  Marine x2  
  45  3:49  SCV  
  45  3:53  SCV  
  47  3:58  Barracks x2  
  47  4:03  SCV, Factory Tech Lab  
  47  4:08  SCV  
  47  4:09  Starport Tech Lab  
  49  4:15  SCV  
  50  4:17  Marine x2  
  50  4:19  Supply Depot  
  50  4:21  SCV  
  53  4:27  SCV  
  54  4:40  SCV  
  55  4:46  SCV  
  55  4:47  Bunker  
  55  4:48  Barracks Tech Lab x2  
  55  4:49  Raven, Siege Tank  
  55  4:51  Supply Depot  
  59  4:54  Engineering Bay  
  58  5:06  Supply Depot  
  43  5:21  SCV  
  43  5:22  Marine x3  
  43  5:23  Marine  
  43  5:28  Cyclone  
  51  5:32  Medivac  
  52  5:39  Marine  
  52  5:40  Marine x2  
  52  5:41  Marine  
  56  5:43  Missile Turret  
  56  5:44  Missile Turret  
  56  5:45  SCV x2  
  58  5:57  SCV, Marine x2  
  58  5:58  Stimpack, Combat Shield, Marine  
  58  6:00  Marine  
  65  6:13  SCV  
  65  6:16  Command Center  
  65  6:18  SCV  
  67  6:24  Terran Infantry Weapons Level 1  
  67  6:25  Marine x2  
  67  6:26  SCV  
  67  6:28  Starport Reactor  
  67  6:30  SCV  
  69  6:38  Supply Depot, SCV  
  70  6:41  Barracks, Marine  
  70  6:42  SCV, Marauder  
  70  6:44  Barracks  
  70  6:46  Marine x2  
  76  6:50  SCV  
  77  6:59  Factory Reactor  
  77  7:00  Marauder  
  79  7:02  Marine  
  78  7:16  SCV  
  78  7:19  Refinery  
  78  7:20  Refinery  
  78  7:21  Supply Depot, Medivac x2  
  83  7:23  Supply Depot  
  83  7:24  SCV  
  83  7:27  Marauder, Marine  
  83  7:29  SCV, Orbital Command  
  88  7:36  SCV  
  89  7:39  Marauder, Marine x2  
  89  7:41  Barracks Reactor, SCV  
  89  7:44  Supply Depot  
  94  7:46  Supply Depot  
  81  8:05  Marine  
  81  8:06  Marauder  
  81  8:09  SCV x2, Marine, Orbital Command  
  81  8:10  Marauder  
  83  8:21  SCV, Terran Infantry Armor Level 1  
  83  8:22  Missile Turret  
  83  8:23  Supply Depot  
  83  8:24  Concussive Shells, Marauder, Marine x3  
  83  8:26  Supply Depot, Medivac x2, Widow Mine x2  
  97  8:28  SCV  
  97  8:33  SCV  
  99  8:44  Marauder, Marine x4  
  99  8:45  Marine  
  99  8:47  Widow Mine x2  
  110  8:53  SCV, Marauder  
  110  8:54  SCV x2  
  115  8:58  Supply Depot  
  115  9:00  Supply Depot  
  115  9:01  Armory  
  115  9:02  Marine x2  
  116  9:06  SCV x2  
  116  9:09  Widow Mine, Marauder, Marine x2  
  125  9:15  Ghost Academy  
  123  9:17  Marine  
  123  9:18  Marauder  
  123  9:21  Marine x2  
  128  9:27  Marine x2  
  128  9:31  Marauder  
  131  9:36  Marauder  
  133  9:39  Marine x3  
  133  9:44  Marine  
  133  9:45  Marine  
  137  9:46  SCV  
  137  9:52  Marauder  
  141  9:57  Marauder x2, Marine x2  
  141  9:59  Supply Depot  
  147  10:00  Supply Depot  
  147  10:02  SCV, Marine  
  147  10:03  Marine  
Tags
 
Add a new tag
Caveats
  • Supply blocks, unpowered buildings, or Contaminate may cause inaccurate times.
  • Supply counts are checked every 10 seconds.